 Dungeon Crawl Stone Soup version 0.24-a0-584-g9d6b971ae4 (webtiles) character file.

Game seed: 3550022259181181798, levelgen mode: deterministic

81 Eightlegvermin the Insei (level 4, 0/28 HPs)
             Began as an Octopode Transmuter on Aug 31, 2019.
             Succumbed to an adder's poison
             ... on level 3 of the Dungeon.
             The game lasted 00:04:56 (2059 turns).

Eightlegvermin the Insei (Octopode Transmuter)      Turns: 2059, Time: 00:04:57

Health: 0/28       AC:  1    Str:  9    XL:     4   Next: 42%
Magic:  4/7        EV: 13    Int: 15    God:
Gold:   124        SH:  0    Dex: 13    Spells: 1/7 levels left

rFire    . . .     SeeInvis .     - Unarmed
rCold    . . .     Gourm    .   (no shield)
rNeg     . . .     Faith    .   (helmet restricted)
rPois    .         Spirit   .   (no amulet)
rElec    .         Reflect  .   (no ring)
rCorr    .         Harm     .   (no ring)
MR       .....                  (no ring)
Stlth    +++.......             (no ring)
HPRegen  0.09/turn              (no ring)
MPRegen  0.10/turn              (no ring)
                                (no ring)
                                (no ring)

@: lethally poisoned (0 -> -5), appendage (expiring), hasted, very quick
A: almost no armour, stealthy swim, amphibious, 8 rings, constrict 8, tentacle
spike 3, camouflage 1, gelatinous body 1
a: End Transformation


You were on level 3 of the Dungeon.
You were not hungry.
One of your tentacles had a temporary spike.
You visited 1 branch of the dungeon, and saw 4 of its levels.

You collected 124 gold pieces.

Inventory:

Missiles
 a - 11 arrows
 i - 3 poisoned darts (quivered)
Scrolls
 b - 3 scrolls of teleportation {unknown}
 e - a scroll of magic mapping {unknown}
 f - a scroll of fog {unknown}
 h - a scroll of remove curse {unknown}
 j - a scroll of random uselessness {unknown}
 l - a scroll of blinking {unknown}
Potions
 d - a potion of haste
 g - a potion of ambrosia {unknown}
 k - a potion of berserk rage {unknown}
Comestibles
 c - 6 rations


   Skills:
 - Level 1.0 Fighting
 - Level 2.0 Dodging
 - Level 3.0 Stealth
 + Level 4.0 Unarmed Combat
 - Level 2.0 Spellcasting
 + Level 2.7 Transmutations


You had one spell level left.
You knew the following spells:

 Your Spells              Type           Power        Failure   Level  Hunger
a - Beastly Appendage     Tmut           #.....       7%          1    #......
b - Sticks to Snakes      Tmut           #.......     11%         2    ###....
c - Spider Form           Tmut/Pois      #.........   36%         3    ###....

Your spell library contained the following spells:

 Spells                   Type           Power        Failure   Level  Hunger
 Ice Form                 Ice/Tmut       #.......     77%         4    #####..
 Blade Hands              Tmut           #.........   89%         5    ######.


Dungeon Overview and Level Annotations

Branches:
Dungeon (4/15)
 Temple: D:4-7

Altars:
Elyvilon
Okawaru
Zin

Annotations:
D:3 exclusion: orc wizard, Sigmund


Innate Abilities, Weirdness & Mutations

You cannot wear most types of armour.
You are very stealthy in the water. (Stealth+)
You are amphibious.
You can wear up to eight rings at the same time.
You can use your tentacles to constrict eight enemies at once.
Your skin changes colour to match your surroundings (Stealth+).
Your rubbery body absorbs attacks. (AC +1, EV +1)
One of your tentacles bears a large vicious spike.


Message History

A scorpion comes into view.
Sigmund shouts!
The adder hisses angrily.
The adder bites you. Sigmund casts a spell at you. The puff of flame hits you!
The adder bites you.
* * * LOW HITPOINT WARNING * * *
You are lethally poisoned!
The adder poisons you!
Casting: Beastly Appendage (safe; 7% risk of failure)
Confirm with . or Enter, or press ? or * to list all spells.
You create a snake!
You now have 11 arrows.
Your transformation is almost over.
* * * LOW HITPOINT WARNING * * *
You feel sick. Sigmund gestures at you while chanting. The magic dart hits you.
* * * LOW HITPOINT WARNING * * *
The adder barely misses you.
It was a potion of haste.
You feel yourself speed up.
You die...

####..#.##### #..#
..##..#.....# #..#
#.##..##..<.# #..#
..##..##....# #..#
####..###...###..#
.................#
#####......###...#
#......# #...# #......#
#..@#
#.......##.S.S$.....
###########.##..#####.#.
..... .##.@# .?...
..#.s# ..... #... .....
#... ..... #.. .....


You could see Sigmund, a scorpion, an adder and a friendly ball python.

Vanquished Creatures
  2 adders
  An ooze (D:3)
  5 worms
  3 dart slugs
  An orc (D:3)
  2 giant cockroaches
  A goblin (D:2)
  3 hobgoblins
  6 jackals
  3 bats (D:2)
  4 frilled lizards (D:2)
  2 kobolds
  A quokka skeleton (D:4)
  8 rats
42 creatures vanquished.

Notes
Turn   | Place    | Note
-------+----------+-------------------------------------------
     0 | D:1      | Eightlegvermin the Octopode Transmuter began the quest for
                  | the Orb.
     0 | D:1      | Reached XP level 1. HP: 13/13 MP: 3/3
   396 | D:1      | Reached XP level 2. HP: 18/18 MP: 3/5
   405 | D:1      | Reached skill level 1 in Stealth
   594 | D:2      | Found an iron altar of Okawaru.
   666 | D:2      | Reached XP level 3. HP: 10/23 MP: 6/6
   684 | D:1      | Learned a level 2 spell: Sticks to Snakes
   688 | D:1      | Learned a level 3 spell: Spider Form
   939 | D:2      | Found a white marble altar of Elyvilon.
  1207 | D:2      | You fall into a shaft and drop 2 floors!
  1312 | D:3      | Reached XP level 4. HP: 21/28 MP: 5/7
  1486 | D:3      | Reached skill level 4 in Unarmed Combat
  1534 | D:2      | Found a glowing silver altar of Zin.
  2054 | D:3      | Noticed Sigmund
  2058 | D:3      | HP: 1/28 [Sigmund/magic dart (3)]
  2059 | D:3      | Succumbed to an adder's poison

Levels and vault maps discovered:
D:1:      saegor_arrival_under_anarchy, layout_basic
D:2:      layout_basic, elyvilon_altar_3, lemuel_coloured_pillars_altar,
          lemuel_crystal_altar
D:3:      layout_basic, uniq_sigmund
D:4:      layout_loops_cross

Skill      XL: |  1  2  3  4 |
---------------+-------------+-----
Stealth        | 1 2 3 |  3.0
Unarmed Combat | 4 |  4.0
Fighting       | |  1.0
Dodging        | |  2.0
Spellcasting   | |  2.0
Transmutations | |  2.7

Action                   |  1- 3 |  4- 6 || total
-------------------------+-------+-------++-------
Melee: Unarmed           |    85 |    24 ||   109
       Constrict         |    24 |     6 ||    30
       Kick              |    17 |     7 ||    24
       Tentacles         |    12 |     3 ||    15
       Punch             |     2 |       ||     2
 Cast: Beastly Appendage |    18 |     5 ||    23
       Sticks to Snakes  |       |     1 ||     1
  Use: Potion            |       |     1 ||     1
 Stab: Sleeping          |     3 |     2 ||     5
  Eat: Chunk             |     2 |     2 ||     4
Armor: Skin              |     8 |       ||     8
Dodge: Dodged            |    57 |    13 ||    70

Table legend:
 A = Non-vault XP
 B = Vault XP
 C = Vault XP percentage of total XP
 D = Non-vault monster count
 E = Vault monster count
 F = Vault count percentage of total count
                 A         B        C        D         E       F
            +---------+---------+-------+---------+---------+-------
      Total |     117 |       0 |   0.0 |      42 |       0 |   0.0
            +---------+---------+-------+---------+---------+-------
        D:1 |      14 |       0 |   0.0 |       7 |       0 |   0.0
        D:2 |      63 |       0 |   0.0 |      24 |       0 |   0.0
        D:3 |      31 |       0 |   0.0 |       6 |       0 |   0.0
        D:4 |       9 |       0 |   0.0 |       5 |       0 |   0.0
            +---------+---------+-------+---------+---------+-------
